 Dungeon Crawl Stone Soup version 0.26.1-11-gd32895ea62 (webtiles) character file.

Game seed: 10265967122871980443

16200 tardwrangler69 the Earth Mage (level 12, 0/85 HPs)
             Began as a Green Draconian Earth Elementalist on Apr 12, 2021.
             Was a High Priest of Vehumet.
             Slain by a cane toad (8 damage)
             ... on level 2 of the Lair of Beasts.
             The game lasted 00:25:45 (17337 turns).

tardwrangler69 the Earth Mage (DrEE)               Turns: 17337, Time: 00:25:45

Health: 0/85       AC: 11    Str: 10    XL:     12   Next: 8%
Magic:  14/35      EV: 16    Int: 21    God:    Vehumet [*****.]
Gold:   788        SH:  0    Dex: 18    Spells: 11/31 levels left

rFire    . . .     SeeInvis .   y - +10 long sword of the End of Times {holy, +Inv rC- Will+ MP+9}
rCold    x . .     Faith    .   (no shield)
rNeg     . . .     Spirit   .   (armour unavailable)
rPois    +         Reflect  .   (helmet restricted)
rElec    .         Harm     .   (no cloak)
rCorr    .         Rampage  .   g - +0 pair of gloves
Will     +....                  I - +1 pair of boots
Stlth    ++........             m - amulet of magic regeneration
HPRegen  0.24/turn              B - +6 ring of dexterity
MPRegen  0.49/turn              E - +4 ring of evasion

@: no status effects
A: breathe noxious fumes, unfitting armour, poison resistance, cold-blooded, AC
+8
a: Breathe Noxious Fumes, Renounce Religion, Evoke Invisibility


You were on level 2 of the Lair of Beasts.
You worshipped Vehumet.
Vehumet was extremely pleased with you.
You visited 3 branches of the dungeon, and saw 15 of its levels.

You collected 900 gold pieces.
You spent 112 gold pieces at shops.

Inventory:

Hand Weapons
 j - a +1 dagger of electrocution
 w - a +2 rapier of venom
 y - the +10 long sword of the End of Times (weapon) {holy, +Inv rC- Will+ MP+9}
   (You took it off an orc on level 9 of the Dungeon)

   It has been blessed by the Shining One to cause great damage to the undead
   and demons.
   It makes you vulnerable to cold.
   It affects your willpower, your defense against some magical effects.
   It affects your magic capacity (+9).
   It lets you turn invisible.
Missiles
 b - 245 stones
 e - 7 curare-tipped darts
Armour
 g - a +0 pair of gloves (worn)
 I - a +1 pair of boots (worn)
Magical Staves
 L - an uncursed staff of poison
Jewellery
 a - an uncursed ring of see invisible
 m - an amulet of magic regeneration (around neck)
 B - a +6 ring of dexterity (left hand)
 E - a +4 ring of evasion (right hand)
 K - an uncursed ring of fire
Wands
 l - a wand of polymorph (5)
 u - a wand of iceblast (35)
 A - a wand of paralysis (13)
 G - a wand of acid (6)
Scrolls
 d - 3 scrolls of blinking
 f - 7 scrolls of remove curse
 h - 2 scrolls of fog
 n - 5 scrolls of enchant armour
 p - 3 scrolls of fear
 v - a scroll of amnesia
 z - 3 scrolls of teleportation
 D - 3 scrolls of identify
 H - 2 scrolls of immolation
Potions
 c - 2 potions of cancellation
 i - 5 potions of might
 k - 5 potions of curing
 o - a potion of attraction
 q - 3 potions of lignification
 r - a potion of flight
 s - 3 potions of heal wounds
 t - 3 potions of brilliance
 x - 2 potions of mutation
 C - a potion of berserk rage {unknown}
 F - 2 potions of resistance


   Skills:
 * Level 1.9 Fighting
 - Level 1.7 Dodging
 - Level 1.7 Stealth
 + Level 10.3 Spellcasting
 + Level 5.4 Conjurations
 - Level 1.0 Transmutations
 - Level 15.0 Earth Magic


You had 11 spell levels left.
You knew the following spells:

 Your Spells              Type           Power        Failure   Level
a - Sandblast             Erth           100%         0%          1
b - Stone Arrow           Conj/Erth      100%         1%          3
c - Passwall              Tmut/Erth      36%          1%          2
d - Lee's Rapid Deconstr  Erth           32%          1%          5
e - Frozen Ramparts       Ice            20%          5%          3
f - Iron Shot             Conj/Erth      26%          4%          6

Your spell library contained the following spells:

 Spells                   Type           Power        Failure   Level
 Shock                    Conj/Air       88%          1%          1
 Static Discharge         Conj/Air       22%          1%          3
 Petrify                  Tmut/Erth      44%          2%          4
 Swiftness                Air            10%          10%         2
 Airstrike                Air            5%           16%         4
 Lightning Bolt           Conj/Air       11%          16%         5


Dungeon Overview and Level Annotations

Branches:
Dungeon (11/15)            Temple (1/1) D:5            Lair (3/6) D:10
  Swamp (0/4) Lair:2        Snake (0/4) Lair:2          Orc (0/2) D:9

Altars:
Ashenzari
Cheibriados
Dithmenos
Elyvilon
Fedhas
Gozag
Hepliaklqana
Kikubaaqudgha
Makhleb
Nemelex Xobeh
Okawaru
Qazlal
Ru
Sif Muna
Trog
Uskayaw
Vehumet
Wu Jian
Xom
Yredelemnul
Zin
The Shining One

Shops:
D:9 *

Annotations:
D:2 2 transporters
D:11 Gastronok


Innate Abilities, Weirdness & Mutations

You can breathe blasts of noxious fumes.
Your lurid green scales are hard. (AC +8)
You cannot fit into any form of body armour.
Your system is resistant to poisons. (rPois)
You are cold-blooded and may be slowed by cold attacks.


Message History

There is a stone staircase leading down here.
Casting: Stone Arrow (safe; 1% risk of failure)
Confirm with . or Enter, or press ? or * to list all spells.
Aiming: Sandblast (safe; 0% risk of failure)
Press: ? - help, Shift-Dir - straight line, f - cane toad
Aim: a cane toad (severely wounded, 14% to evade)
The blast of sand hits the cane toad but does no damage.
The cane toad is severely wounded.
The komodo dragon bites you! The cane toad stings you!!
Casting: Sandblast (safe; 0% risk of failure)
Confirm with . or Enter, or press ? or * to list all spells.
Aiming: Sandblast (safe; 0% risk of failure)
Press: ? - help, Shift-Dir - straight line, f/p - cane toad
Aim: a cane toad (severely wounded, 14% to evade)
The blast of sand hits the cane toad!
The cane toad is almost dead.
The cane toad stings you! The komodo dragon bites you!!
* * * LOW HITPOINT WARNING * * *
The cane toad stings you!
You die...

.....................#.........#.
...P......P...<..P...##.........#
...#.#....P......#....#........##
.#+###...........#...##...#.#####
.#.##......##..P.#.....##.#..##.#
##.##............................
.................................
.................................
................@F...............
.#..#...........l>...............
#...##...........=......#..#.##..
....#P...###..#.........##.P.#...
....#.....#.##.....P....##P..#...
..................##....##...##..
....#....##.<.....##.........##..
....##....#..#...###....#....#...
######...##..#...#.P...##.##.##..


You could see a komodo dragon and a cane toad.

Vanquished Creatures
  A hydra (Lair:1)
  A two-headed ogre (D:5)
  2 bog bodies (Lair:2)
  A manticore (D:8)
  A black mamba (Lair:1)
  5 cane toads
  4 komodo dragons
  A troll (D:10)
  3 polar bears
  4 blink frogs (Lair:2)
  Eustachio (D:5)
  4 yaks
  A wyvern (Lair:1)
  A basilisk (Lair:1)
  A steam dragon (Lair:2)
  4 nagas (Lair:2)
  3 wargs (D:10)
  4 water moccasins
  2 ice beasts (D:9)
  A sky beast (D:10)
  2 black bears (Lair:2)
  6 orc warriors
  A necrophage (D:6)
  7 ogres
  A phantom (D:6)
  10 centaurs
  14 bullfrogs
  A big kobold (D:9)
  A wyvern skeleton (D:10)
  3 scorpions
  4 killer bees
  11 wights
  2 howler monkeys
  4 crimson imps (D:4)
  3 bullfrog skeletons
  A centaur zombie (D:7)
  7 hounds
  A quasit (D:6)
  2 centaur skeletons
  12 orc priests
  An iguana (D:7)
  A jelly (D:3)
  17 orc wizards
  7 worker ants
  A killer bee zombie (D:7)
  2 hound skeletons
  A hound zombie (D:5)
  Robin (D:3)
  26 gnolls
  A worker ant zombie (D:5)
  13 adders
  A shadow imp (D:5)
  2 white imps
  4 ufetubi
  An ooze (D:5)
  3 adder zombies
  An adder skeleton (D:5)
  2 worms
  A dart slug (D:1)
  5 leopard geckos
  62 orcs
  7 giant cockroaches
  9 goblins
  12 hobgoblins
  11 jackals
  9 quokkas
  2 ball pythons (D:1)
  5 bats
  6 frilled lizards
  A jackal skeleton (D:5)
  16 kobolds
  11 rats
380 creatures vanquished.

Vanquished Creatures (others)
  6 fungi
  35 plants
41 creatures vanquished.

Grand Total: 421 creatures vanquished

Notes
Turn   | Place    | Note
-------+----------+-------------------------------------------
     0 | D:1      | tardwrangler69 the Draconian Earth Elementalist began the
                  | quest for the Orb.
     0 | D:1      | Reached XP level 1. HP: 14/14 MP: 3/3
   511 | D:1      | Reached XP level 2. HP: 14/20 MP: 5/5
  1858 | D:2      | Reached XP level 3. HP: 13/26 MP: 0/6
  2041 | D:2      | Reached skill level 4 in Earth Magic
  2400 | D:2      | Found a transporter.
  2400 | D:2      | Noticed an ogre
  2405 | D:2      | Found a transporter.
  2536 | D:2      | Reached XP level 4. HP: 25/33 MP: 1/8
  2738 | D:2      | Found a faded altar of an unknown god.
  2837 | D:2      | Found an iron altar of Okawaru.
  2870 | D:2      | Found a shimmering blue altar of Sif Muna.
  2870 | D:2      | Found a stormy altar of Qazlal.
  2870 | D:2      | Found a hide-covered altar of Uskayaw.
  2923 | D:2      | Found a hazy altar of Hepliaklqana.
  3002 | D:2      | Reached skill level 5 in Earth Magic
  3002 | D:2      | Reached XP level 5. HP: 34/38 MP: 1/9
  3145 | D:2      | Found an opulent altar of Gozag.
  3623 | D:3      | Noticed Robin
  3638 | D:3      | Killed Robin
  3684 | D:3      | Learned a level 3 spell: Stone Arrow
  3687 | D:3      | Learned a level 2 spell: Passwall
  4394 | D:3      | Reached XP level 6. HP: 44/45 MP: 11/11
  4689 | D:3      | Found a sparkling altar of Nemelex Xobeh.
  4853 | D:4      | Reached skill level 6 in Earth Magic
  5386 | D:4      | Found a shimmering altar of Xom.
  5409 | D:4      | Your scales start taking on a lurid green colour.
  5409 | D:4      | Reached XP level 7. HP: 36/50 MP: 13/13
  5409 | D:4      | Gained mutation: Your system is resistant to poisons.
                  | (rPois) [Green Draconian growth]
  5565 | D:4      | Reached skill level 7 in Earth Magic
  5898 | D:5      | Entered Level 5 of the Dungeon
  6031 | D:5      | Found a staircase to the Ecumenical Temple.
  6041 | Temple   | Entered the Ecumenical Temple
  6500 | Temple   | Became a worshipper of Vehumet
  6658 | D:5      | Noticed Eustachio
  6684 | D:5      | Killed Eustachio
  6711 | D:5      | Reached skill level 5 in Spellcasting
  6716 | D:5      | Reached skill level 8 in Earth Magic
  6918 | D:5      | Reached XP level 8. HP: 57/57 MP: 13/15
  7141 | D:5      | Learned a level 5 spell: Lee's Rapid Deconstruction
  7469 | D:5      | Noticed a two-headed ogre
  7473 | D:5      | Killed a two-headed ogre
  7474 | D:5      | Reached skill level 10 in Earth Magic
  7503 | D:5      | Reached XP level 9. HP: 53/62 MP: 16/18
  7550 | D:5      | Found a burning altar of Makhleb.
  7905 | D:6      | Reached * piety under Vehumet
  7905 | D:6      | Offered knowledge of Freeze by Vehumet.
  8586 | D:6      | Reached skill level 11 in Earth Magic
  8763 | D:6      | Reached ** piety under Vehumet
  9138 | D:7      | Offered knowledge of Foxfire by Vehumet.
  9187 | D:7      | Got a twisted falchion
  9188 | D:7      | Identified the +2 falchion of Horr {chaos, rElec Str+3 SInv
                  | Stlth+} (You found it on level 7 of the Dungeon)
  9202 | D:7      | Found a glowing golden altar of the Shining One.
  9943 | D:7      | Found a shadowy altar of Dithmenos.
 10101 | D:7      | Reached XP level 10. HP: 60/69 MP: 15/21
 10200 | D:7      | Offered knowledge of Ignite Poison by Vehumet.
 10201 | D:7      | Reached skill level 12 in Earth Magic
 10777 | D:8      | Found a broken altar of Ashenzari.
 10884 | D:8      | Noticed a manticore
 10890 | D:8      | Killed a manticore
 11648 | D:9      | Found Vuzosm's Hallowed Reliquary.
 11650 | D:9      | Found a white marble altar of Elyvilon.
 11653 | D:9      | Noticed an angel
 11657 | D:9      | Bought a potion of curing for 42 gold pieces
 11657 | D:9      | Bought a potion of heal wounds for 70 gold pieces
 11683 | D:9      | Reached *** piety under Vehumet
 11970 | D:9      | Identified the +10 long sword of the End of Times {holy,
                  | +Inv rC- Will+ MP+9}
 12106 | D:9      | Offered knowledge of Frozen Ramparts by Vehumet.
 12115 | D:9      | Learned a level 3 spell: Frozen Ramparts
 12294 | D:9      | Found a staircase to the Orcish Mines.
 12607 | D:10     | Entered Level 10 of the Dungeon
 12658 | D:9      | Reached **** piety under Vehumet
 12660 | D:9      | Reached skill level 13 in Earth Magic
 12973 | D:10     | Offered knowledge of Iskenderun's Mystic Blast by Vehumet.
 13169 | D:10     | Found a staircase to the Lair.
 13704 | D:10     | Found a shimmering blue altar of Sif Muna.
 13728 | D:10     | Reached XP level 11. HP: 74/74 MP: 24/24
 14243 | D:11     | Reached ***** piety under Vehumet
 14243 | D:11     | Offered knowledge of Iron Shot by Vehumet.
 14268 | D:10     | Learned a level 6 spell: Iron Shot
 14363 | D:11     | Noticed Gastronok
 14404 | Lair:1   | Entered Level 1 of the Lair of Beasts
 14405 | Lair:1   | Noticed a seven-headed hydra
 14407 | Lair:1   | Reached skill level 14 in Earth Magic
 14408 | Lair:1   | Killed a seven-headed hydra
 14694 | Lair:1   | Reached skill level 1 in Conjurations
 15492 | Lair:1   | Reached skill level 10 in Spellcasting
 16165 | Lair:2   | Found a staircase to the Snake Pit.
 16429 | Lair:2   | Found a staircase to the Swamp.
 16429 | Lair:2   | Noticed a bog body
 16430 | Lair:2   | Noticed a bog body
 16448 | Lair:2   | Killed a bog body
 16746 | Lair:2   | Killed a bog body
 16747 | Lair:2   | Reached skill level 5 in Conjurations
 16747 | Lair:2   | Reached skill level 15 in Earth Magic
 16747 | Lair:2   | Reached XP level 12. HP: 81/81 MP: 26/26
 17008 | Lair:2   | Reached skill level 1 in Fighting
 17337 | Lair:2   | Slain by a cane toad

Illustrated notes

Levels and vault maps discovered:
D:1:      dpeg_arrival_shrine, layout_loops_corners
D:2:      layout_loops_ring, okawaru_metal_pillars_1_2,
          nzn_hepliaklqana_mist_gate, gammafunk_temple_overflow_arena,
          chequers_ecumenical_altar_lobes, st_stairs_10,
          nicolae_gozag_seed_capital
D:3:      layout_loops_ring, nemelex_xobeh_ov_fountains_minmay, uniq_robin
D:4:      layout_basic, led_xom_imps
D:5:      layout_rooms, makhleb_blood_cavern_becter,
          minmay_temple_entry_stoned_glass, minmay_chambers_of_fives,
          uniq_eustachio
D:6:      cheibrodos_quashed, layout_rooms
D:7:      minmay_the_grid_square_5x5_3x3 [minmay_the_grid_square_5x5_tri_point,
          minmay_the_grid_square_5x5_n_small,
          minmay_the_grid_square_5x5_eight_small,
          minmay_the_grid_square_5x5_forky,
          minmay_the_grid_square_5x5_megaprize_hollow,
          minmay_the_grid_square_5x5_trominoes,
          minmay_the_grid_square_5x5_broken_cross,
          minmay_the_grid_square_5x5_checkered,
          minmay_the_grid_square_5x5_detours], layout_loops_ring,
          grunt_dithmenos_smoke, tso_altar
D:8:      layout_loops_cross, old_standard_altar
D:9:      layout_roguey, orc_0_dummy, st_stairs_4, serial_bayou_pond_b,
          nicolae_good_shop
D:10:     layout_rooms, erik_lair_orcish_takeover, lemuel_tele_altar
D:11:     layout_roguey, uniq_gastronok
Temple:   minmay_temple_forest_path
Lair:1:   layout_loops_ring, serial_bayou_shore_a
Lair:2:   layout_regular_city, skrybe_swamp_entry_bodies,
          minmay_snake_entry_guardpost_medium, gammafunk_lair_bear_cave
Lair:3:   layout_chaotic_city, grunt_forest_large_clearings, grunt_megastairs_3

Skill      XL: |  1  2  3  4  5  6  7  8  9 10 11 12 |
---------------+-------------------------------------+-----
Earth Magic    | 4 5 6 8 10 11 13 15 | 15.0
Spellcasting   | 3 4 5 6 7 9 10 | 10.3
Conjurations   | 5 |  5.4
Fighting       | 1 |  1.9
Dodging        | |  1.7
Stealth        | |  1.7
Transmutations | |  1.0

Action                   |  1- 3 |  4- 6 |  7- 9 | 10-12 || total
-------------------------+-------+-------+-------+-------++-------
Melee: Unarmed           |    36 |       |       |       ||    36
       Dagger            |   128 |   135 |    27 |       ||   290
       Tailslap          |    14 |    11 |    19 |     6 ||    50
       Rapier            |       |       |   159 |    39 ||   198
       Long sword        |       |       |       |    26 ||    26
 Cast: Sandblast         |    13 |    55 |    91 |    95 ||   254
       Stone Arrow       |       |       |    36 |    55 ||    91
       Passwall          |       |       |     1 |       ||     1
       Lee's Rapid Decon |       |       |    13 |    75 ||    88
 Abil: Breathe Noxious F |       |       |     1 |       ||     1
  Use: Scroll            |       |       |       |    21 ||    21
 Stab: Sleeping          |     3 |     7 |       |     1 ||    11
Armor: Skin              |    42 |    44 |    65 |    61 ||   212
Dodge: Dodged            |   102 |    90 |   174 |   126 ||   492
       Rpst.: Long sword |       |       |       |    17 ||    17
